 Dungeon Crawl Stone Soup version 0.25.1-8-g42b30a86e7 (webtiles) character file.

Game seed: 12723207371969807940

11041 Clowwww the Cleaver (level 11, -11/145 HPs)
             Began as a Minotaur Fighter on Dec 14, 2020.
             Was an Elder of Trog.
             Mangled by a death yak (22 damage)
             ... on level 11 of the Dungeon.
             The game lasted 00:24:29 (12358 turns).

Clowwww the Cleaver (Minotaur Fighter)             Turns: 12358, Time: 00:24:30

Health: -11/145    AC: 12    Str: 24    XL:     11   Next: 44%
Magic:  10/10      EV: 11    Int:  5    God:    Trog [****..]
Gold:   442        SH: 12    Dex: 10    Spells: 10/10 levels left

rFire    . . .     SeeInvis .   a - +1 war axe
rCold    . . .     Gourm    .   c - +0 kite shield
rNeg     . . .     Faith    .   E - +2 scale mail {MR+}
rPois    .         Spirit   .   (helmet restricted)
rElec    .         Reflect  .   p - scarf {+Inv}
rCorr    .         Harm     .   w - +0 pair of gloves
MR       +....                  (no boots)
Stlth    ..........             (no amulet)
HPRegen  0.34/turn              B - ring of stealth
MPRegen  0.12/turn              (no ring)

@: berserking, very quick
A: retaliatory headbutt, horns 2
a: Berserk, Trog's Hand, Brothers in Arms, Renounce Religion, Evoke Invisibility


You were on level 11 of the Dungeon.
You worshipped Trog.
Trog was greatly pleased with you.
You were very hungry.

You visited 2 branches of the dungeon, and saw 12 of its levels.

You collected 502 gold pieces.
You spent 60 gold pieces at shops.

Inventory:

Hand Weapons
 a - a +1 war axe (weapon)
Missiles
 r - 21 boomerangs (quivered)
Armour
 c - a +0 kite shield (worn)
 p - a scarf of invisibility (worn)
 w - a +0 pair of gloves (worn)
 E - a +2 scale mail of magic resistance (worn)
Jewellery
 y - the ring of Isereem {Ice rElec MR- Str+4}
   (You found it on level 6 of the Dungeon)

   [ring of ice]

   It enhances your ice magic.
   It affects your strength (+4).
   It makes you vulnerable to fire.
   It protects you from cold.
   It insulates you from electricity.
   It affects your resistance to hostile enchantments.
 B - a ring of stealth (left hand)
Wands
 h - a wand of random effects (39)
 n - a wand of paralysis (9)
 z - a wand of flame (31)
 A - a wand of enslavement (11)
Scrolls
 j - a scroll of immolation
 k - a scroll of remove curse
 q - 3 scrolls of fog
 D - a scroll of fear
Potions
 b - 4 potions of stabbing
 d - a potion of might
 e - a potion of invisibility
 g - 3 potions of resistance
 i - 2 potions of flight
 l - 5 potions of curing
 m - 2 potions of haste
 o - a potion of mutation
 s - 3 potions of heal wounds
 u - 2 potions of lignification
 v - a potion of magic {unknown}
 x - a potion of cancellation {unknown}
Comestibles
 f - 24 rations
 t - 6 chunks of flesh


   Skills:
 + Level 9.4 Fighting
 + Level 12.8 Axes
 + Level 2.0 Throwing
 + Level 10.0 Armour
 + Level 4.6 Dodging
 + Level 1.5 Stealth
 + Level 10.7 Shields


You had 10 spell levels left.
You didn't know any spells.
Your spell library contained the following spells:

 Spells                   Type           Power        Failure   Level  Hunger
 Confusing Touch          Hex            #.......     99%         3    ####...
 Gell's Gravitas          Tloc           #.........   99%         3    ####...
 Petrify                  Tmut/Erth      #.......     100%        4    #####..
 Metabolic Englaciation   Hex/Ice        #.........   100%        5    ######.
 Yara's Violent Unravell  Hex/Tmut       #.........   100%        5    ######.


Dungeon Overview and Level Annotations

Branches:
Dungeon (11/15)            Temple (1/1) D:6             Orc (0/2) D:11
   Lair: D:8-11

Altars:
Cheibriados
Dithmenos
Fedhas
Gozag
Kikubaaqudgha
Makhleb
Nemelex Xobeh
Okawaru
Qazlal
Sif Muna
Trog
Uskayaw
Vehumet
Xom
Beogh

Shops:
D:5 [   D:10 !


Innate Abilities, Weirdness & Mutations

You reflexively headbutt those who attack you in melee.
You have a pair of horns on your head.


Message History

Evoke which item? (* to show all) (? for menu, Esc to quit)
Okay, then.
Unknown command.
Press: ? - help, v - describe, . - travel
Here: a death yak (heavily wounded)
An open door.
A red film seems to cover your vision as you go berserk!
You feel yourself moving faster!
You feel mighty!
You are feeling very hungry.
The death yak misses you.
You slash the death yak! You headbutt the death yak.
The death yak is severely wounded.
The death yak gores you!!
* * * LOW HITPOINT WARNING * * *
You slash the death yak!
The death yak is almost dead.
You hit the death yak.
The death yak is almost dead.
The death yak gores you!!
You die...

#.oo......#.._).'..>..####
#.rro..# #...÷.#.....# #Y#
#...).#8...## #.#
########.### #.# #..## #.#
####'###### ###†#####
#........... #.......#
###.#####.#### #.......#
#.Y@..#.# # #.......#
#o###.#.#
#.......###.#.....#
#.........÷...#######
###.......##### #########


You could see a death yak and an orc priest.

Vanquished Creatures
  A two-headed ogre (D:10)
  The ghost of Gabide the Spear-Bearer, a novice HuAK of Lugonu (D:8)
  2 unseen horrors (D:10)
  A manticore (D:11)
  3 trolls
  Grinder (D:5)
  A hippogriff (D:6)
  5 wraiths (D:8)
  3 yaks (D:9)
  2 hungry ghosts
  2 porcupines (D:11)
  A sky beast (D:10)
  5 ice beasts
  A hornet zombie (D:9)
  2 black bears
  6 orc warriors
  An eye of draining (D:10)
  7 ogres
  A phantom (D:9)
  7 centaurs
  3 big kobolds
  3 bullfrogs
  8 scorpions
  A howler monkey (D:6)
  11 wights
  4 crimson imps
  2 bullfrog zombies (D:10)
  3 hounds
  3 quasits
  A centaur skeleton (D:6)
  4 bullfrog skeletons
  9 orc priests
  2 jellies
  9 orc wizards
  4 iguanas
  9 worker ants
  A hound zombie (D:7)
  2 howler monkey zombies
  A hound skeleton (D:5)
  3 gnolls (D:6)
  13 adders
  6 shadow imps
  An adder skeleton (D:6)
  2 worms (D:3)
  2 dart slugs
  14 leopard geckos
  28 orcs
  6 giant cockroaches
  4 goblins
  4 hobgoblins
  11 jackals
  7 quokkas
  2 ball pythons
  A ball python skeleton (D:6)
  5 bats
  8 frilled lizards
  13 kobolds
  A leopard gecko skeleton (D:4)
  4 quokka skeletons
  7 rats
275 creatures vanquished.

Notes
Turn   | Place    | Note
-------+----------+-------------------------------------------
     0 | D:1      | Clowwww the Minotaur Fighter began the quest for the Orb.
     0 | D:1      | Reached XP level 1. HP: 19/19 MP: 0/0
   576 | D:2      | Reached XP level 2. HP: 27/27 MP: 1/1
   814 | D:2      | Found a burning altar of Makhleb.
   840 | D:2      | Reached XP level 3. HP: 29/33 MP: 2/2
  1056 | D:2      | Reached skill level 3 in Axes
  1434 | D:2      | Found a blossoming altar of Fedhas.
  1760 | D:3      | Reached XP level 4. HP: 33/40 MP: 3/3
  2569 | D:4      | Reached skill level 4 in Axes
  2569 | D:4      | Reached XP level 5. HP: 47/47 MP: 4/4
  2634 | D:4      | Noticed a centaur
  2639 | D:4      | Killed a centaur
  2639 | D:4      | Reached skill level 5 in Armour
  2639 | D:4      | Reached skill level 1 in Dodging
  2806 | D:4      | Reached XP level 6. HP: 53/53 MP: 5/5
  2824 | D:4      | Reached skill level 5 in Fighting
  3080 | D:4      | Reached skill level 5 in Shields
  3378 | D:4      | Reached skill level 5 in Axes
  3687 | D:5      | Entered Level 5 of the Dungeon
  3740 | D:5      | Noticed Grinder
  3742 | D:5      | Paralysed by Grinder for 7 turns
  3763 | D:5      | Killed Grinder
  3763 | D:5      | Reached XP level 7. HP: 13/61 MP: 6/6
  3872 | D:5      | Reached skill level 6 in Axes
  4047 | D:5      | Found Opon Osu's Antique Armour Shoppe.
  4442 | D:5      | Found an ancient bone altar of Kikubaaqudgha.
  4941 | D:5      | Reached XP level 8. HP: 70/70 MP: 7/7
  5123 | D:6      | Reached skill level 7 in Axes
  5580 | D:6      | Reached skill level 8 in Axes
  5740 | D:6      | Noticed a hippogriff
  5750 | D:6      | Killed a hippogriff
  5803 | D:6      | Found a staircase to the Ecumenical Temple.
  5814 | Temple   | Entered the Ecumenical Temple
  5849 | Temple   | Became a worshipper of Trog the Wrathful
  5892 | D:6      | Got a wavering wooden ring
  5912 | D:6      | Reached XP level 9. HP: 27/78 MP: 8/8
  6844 | D:6      | Found a sparkling altar of Nemelex Xobeh.
  6849 | D:6      | Got a heavy robe
  6850 | D:6      | Identified the ring of Isereem {Ice rElec MR- Str+4} (You
                  | found it on level 6 of the Dungeon)
  6862 | D:6      | Identified the +2 robe "Qegameoss" {rF+ Regen+ SInv} (You
                  | found it on level 6 of the Dungeon)
  6946 | D:7      | Reached skill level 9 in Axes
  8191 | D:7      | Reached * piety under Trog
  8191 | D:7      | Reached skill level 10 in Axes
  8815 | D:8      | Reached XP level 10. HP: 88/88 MP: 9/9
  9080 | D:8      | Found a runed translucent gate.
  9084 | D:8      | Found a runed translucent gate.
  9084 | D:8      | Found a runed translucent gate.
  9089 | D:8      | Noticed Gabide's ghost (novice HuAK)
  9101 | D:8      | Reached ** piety under Trog
  9105 | D:8      | Killed Gabide's ghost
  9105 | D:8      | Reached skill level 11 in Axes
  9630 | D:9      | Reached skill level 1 in Throwing
  9630 | D:9      | Reached skill level 1 in Stealth
 10164 | D:9      | Reached skill level 10 in Shields
 10547 | D:9      | Reached *** piety under Trog
 11047 | D:10     | Entered Level 10 of the Dungeon
 11072 | D:10     | Found Zuheyv's Distillery.
 11118 | D:10     | Bought a potion of heal wounds for 60 gold pieces
 11161 | D:10     | Reached XP level 11. HP: 66/97 MP: 10/10
 11399 | D:10     | Killed an unseen horror
 11399 | D:10     | Reached skill level 12 in Axes
 11422 | D:10     | Got a heavily runed ring mail
 11423 | D:10     | Identified the +5 ring mail of Howling Wind {rC+} (You
                  | found it on level 10 of the Dungeon)
 11565 | D:10     | Killed an unseen horror
 11807 | D:10     | Noticed a two-headed ogre
 11813 | D:10     | Killed a two-headed ogre
 12137 | D:11     | Reached skill level 10 in Armour
 12138 | D:11     | Found a staircase to the Orcish Mines.
 12148 | D:11     | Found a roughly hewn altar of Beogh.
 12154 | D:11     | Reached **** piety under Trog
 12322 | D:11     | Noticed a death yak
 12325 | D:11     | Noticed a death yak
 12338 | D:11     | HP: 1/97 [orc priest/divine providence (16)]
 12358 | D:11     | Mangled by a death yak

Illustrated notes

Levels and vault maps discovered:
D:1:      minmay_arrival_loop, layout_loops_ring, item_on_display_a
D:2:      layout_loops_corners, lemuel_crystal_altar,
          lemuel_coloured_pillars_altar, first_ration
D:3:      layout_rooms
D:4:      layout_basic, minmay_quadrilaterals
D:5:      layout_loops_ring, kiku_gazebo_garden_becter, serial_shops,
          nicolae_shop_statue_plus, uniq_grinder
D:6:      minmay_opposing_rooms, layout_basic, overflow_temple_1_default,
          minmay_temple_entry_proselytizer, grunt_ministairs_14,
          nicolae_benzene_ring, minmay_lizard_king
D:7:      layout_cave_pods
D:8:      layout_loops_ring, gammafunk_ghost_spectres, blue_anna_alchemist
          [blue_anna_fruit_fields, blue_anna_fruit_fields]
D:9:      layout_basic
D:10:     layout_rooms, serial_shops, shop
D:11:     layout_roguey, dpeg_lair_monsters, minmay_orc_entry_temple_small,
          ebering_ghost_inner_flame, uniq_fannar
Temple:   eino_narrow_crystal_temple

Skill      XL: |  1  2  3  4  5  6  7  8  9 10 11 |
---------------+----------------------------------+-----
Shields        | 4 5 6 7 9 10 | 10.7
Armour         | 4 5 6 8 9 10 | 10.0
Fighting       | 4 5 6 7 9 |  9.4
Axes           | 3 4 5 6 8 10 11 12 | 12.8
Dodging        | 1 3 4 |  4.6
Throwing       | 1 2 |  2.0
Stealth        | 1 |  1.5

Action                   |  1- 3 |  4- 6 |  7- 9 | 10-12 || total
-------------------------+-------+-------+-------+-------++-------
Melee: War axe           |    82 |    96 |   328 |   336 ||   842
       Headbutt          |    10 |    16 |    60 |    64 ||   150
Throw: Boomerang         |       |     4 |       |    29 ||    33
Invok: Berserk           |       |       |       |     3 ||     3
       Trog's Hand       |       |       |       |     1 ||     1
  Use: Scroll            |       |    15 |     7 |     2 ||    24
       Potion            |       |     1 |     1 |     2 ||     4
  Eat: Chunk             |     3 |     6 |    16 |    11 ||    36
       Ration            |       |       |       |     2 ||     2
Armor: Scale mail        |    57 |     9 |       |    52 ||   118
       Chain mail        |       |    31 |   153 |    81 ||   265
Dodge: Dodged            |    24 |    24 |   112 |    94 ||   254
Block: Kite shield       |    43 |    55 |   230 |   207 ||   535
